 Dungeon Crawl Stone Soup version 0.31.0-11-ge490571c62 (webtiles) character file.

Game seed: 12654179168614500894

11 qw the Shooter (level 2, -4/14 HPs)
             Began as a Spriggan Hunter on Feb 3, 2024.
             Succumbed to a kobold's poison
             ... on level 1 of the Dungeon.
             The game lasted 00:00:00 (354 turns).

qw the Shooter (Spriggan Hunter)                     Turns: 354, Time: 00:00:01

Health: -4/14      AC:  2    Str:  7    XL:     2   Next: 13%
Magic:  3/3        EV: 19    Int: 10    God:
Gold:   32         SH:  0    Dex: 18    Spells: 1/1 levels left

rFire   . . .        a - +0 shortbow
rCold   . . .        (shield currently unavailable)
rNeg    . . .        c - +0 robe
rPois   .            (helmet restricted)
rElec   .            (no cloak)
rCorr   .            (gloves unavailable)
SInv    +            (boots unavailable)
Will    .....        (no amulet)
Stlth   ++           (no ring)
HPRegen 0.22/turn    (no ring)
MPRegen 0.08/turn

%: no passive effects
@: lethally poisoned (-4 -> -26), very quick
A: very small, no large weapons, unfitting armour, see invisible, speed 3
a: no special abilities


You were on level 1 of the Dungeon.
You visited 1 branch of the dungeon, and saw 1 of its levels.

You collected 32 gold pieces.


Innate Abilities, Weirdness & Mutations

You are very small and have problems with some larger weapons.
You are too small for most types of armour.
You have supernaturally acute eyesight. (SInv)
You cover ground extremely quickly. (Speed+++)


   Skills:
 - Level 1.5 Fighting
 - Level 4.0 Ranged Weapons
 + Level 3.9 Dodging
 - Level 1.5 Stealth


You had one spell level left.
You didn't know any spells.
Your spell library was empty.

Inventory:

Hand Weapons
 a - a +0 shortbow (weapon)
Armour
 c - a +0 robe (worn)
Scrolls
 b - a scroll of butterflies
 d - a scroll of torment {unknown}
 g - a scroll of identify {unknown}
Potions
 e - a potion of enlightenment {unknown}
 f - a potion of brilliance {unknown}

Dungeon Overview and Level Annotations

Branches:
Dungeon (1/15)

Altars:


Message History

Things that are here:
a +0 short sword; a stone
g - a scroll labelled OSAGYMAENA You see here a staff of death.
You now have 32 gold pieces (gained 5).
A kobold comes into view. It is wielding a +0 whip of venom.
Found 5 stones.
You shoot an arrow.
The arrow hits the kobold but does no damage.
The kobold shouts!
A giant cockroach comes into view.
You shoot an arrow. The arrow closely misses the kobold.
You shoot an arrow. The arrow closely misses the kobold.
The arrow hits the giant cockroach.
The giant cockroach is heavily wounded.
You shoot an arrow.
The arrow hits the giant cockroach but does no damage.
The giant cockroach is heavily wounded.
You shoot an arrow.
The arrow closely misses the giant cockroach.
You shoot an arrow. The arrow closely misses the kobold.
The giant cockroach completely misses you.
The kobold hits you with a +0 whip of venom.
You are poisoned.
You shoot an arrow.
The arrow completely misses the giant cockroach.
You feel very sick. The giant cockroach closely misses you.
The kobold hits you with a +0 whip of venom.
You are lethally poisoned!
You shoot an arrow. The arrow hits the giant cockroach.
The giant cockroach is almost dead.
You feel very sick. The giant cockroach closely misses you.
The kobold hits you with a +0 whip of venom.
You are more poisoned.
The giant cockroach closely misses you.
You shoot an arrow. The arrow hits the giant cockroach.
You kill the giant cockroach!
You die...

#.. #...# # .!#####..##
#...# # ..... ....#
#...# #
.....###..######...#####
........................
........................
.......#................
..........#.####...#####
......K@..#.# #........
......$.###.# #........
(........ ..# #........
........##### #........
........# #........
......### ##.......
...... #########.......
....## #.|.......##.###
#.#######.##.##


You could see a kobold.

Vanquished Creatures
  A ball python (D:1)
  An endoplasm (D:1)
  2 giant cockroaches (D:1)
  3 goblins (D:1)
  A quokka (D:1)
  A kobold (D:1)
  A rat (D:1)
10 creatures vanquished.

Notes
Turn   | Place    | Note
-------+----------+-------------------------------------------
     0 | D:1      | qw the Spriggan Hunter began the quest for the Orb.
     0 | D:1      | Reached XP level 1. HP: 10/10 MP: 2/2
     0 | D:1      | 0 ||| qw: Version: 0.3-a-157-g843a77d
     0 | D:1      | 0 ||| qw: Game counter: 3736
     0 | D:1      | 0 ||| qw: Melee chars always use a shield: true
     0 | D:1      | 0 ||| qw: God list: Okawaru
     0 | D:1      | 0 ||| qw: Allow faded altars: false
     0 | D:1      | 0 ||| qw: Do Orc after clearing Dungeon:15 true
     0 | D:1      | 0 ||| qw: Do second Lair branch before Depths: true
     0 | D:1      | 0 ||| qw: Lair rune preference: random
     0 | D:1      | 0 ||| qw: Goals: Normal
     0 | D:1      | 0 ||| PLANNING D:1-11
    23 | D:1      | Reached skill level 3 in Dodging
   177 | D:1      | Reached XP level 2. HP: 14/14 MP: 3/3
   353 | D:1      | HP: 2/14 [kobold/+0 whip of venom (2)]
   354 | D:1      | Succumbed to a kobold's poison

Levels and vault maps discovered:
D:1:      minmay_arrival_jagged, layout_loops_cross, basic_ecumenical_altar

Skill      XL: |  1 |
---------------+----+-----
Dodging        | 3 |  3.9
Fighting       | |  1.5
Ranged Weapons | |  4.0
Stealth        | |  1.5

Action                     || total
---------------------------++-------
   Fire: Shortbow          ||    31
 Armour: Robe              ||     7
  Dodge: Dodged            ||     8

Table legend:
 A = Non-vault XP
 B = Vault XP
 C = Vault XP percentage of total XP
 D = Non-vault monster count
 E = Vault monster count
 F = Vault count percentage of total count
                 A         B        C        D         E       F
            +---------+---------+-------+---------+---------+-------
      Total |      18 |       0 |   0.0 |      10 |       0 |   0.0
            +---------+---------+-------+---------+---------+-------
        D:1 |      18 |       0 |   0.0 |      10 |       0 |   0.0
            +---------+---------+-------+---------+---------+-------
